Map: Ruins of Seras

Players

Mariuslol - Winner!

  • Race: Zerg Zerg
  • League: Diamond

MorN

  • Race: Terran Terran
  • League: Master

VOD

Have the link to the VOD?

Description

Time

  • Played on: Nov. 20, 2015, 4:53 p.m.
  • Length: 20:31
Show
View Real Time Build Order
Export as new Build Order

Mariuslol Zerg - Winner!

Build Orders: Hatch First 

Get SALT Encoding   

  12  0:01  Drone  
  13  0:13  Overlord  
  13  0:20  Drone  
  14  0:32  Drone x2  
  16  0:36  Drone  
  17  0:55  Hatchery  
  16  0:58  Drone  
  16  1:01  Drone  
  18  1:07  Extractor  
  18  1:09  Drone  
  18  1:24  Spawning Pool  
  17  1:31  Drone x2  
  19  1:41  Overlord  
  19  2:11  Queen, Zergling x6  
  19  2:12  Queen  
  19  2:14  Metabolic Boost  
  26  2:17  Drone  
  27  2:25  Overlord, Drone  
  28  2:34  Drone x2  
  30  2:47  Queen x2  
  34  2:58  Drone x4  
  36  3:02  Overlord  
  38  3:19  Hatchery  
  37  3:22  Drone x2  
  39  3:33  Drone x4  
  39  3:34  Drone x2  
  44  3:37  Drone  
  44  3:38  Extractor  
  45  3:41  Drone  
  46  3:50  Overlord  
  46  3:51  Drone  
  46  4:02  Zergling x4  
  47  4:03  Drone  
  47  4:04  Drone  
  47  4:06  Drone x2  
  47  4:07  Drone  
  52  4:12  Zergling x2  
  52  4:15  Queen  
  52  4:16  Overlord  
  55  4:18  Extractor  
  55  4:20  Roach Warren  
  53  4:32  Overlord  
  53  4:33  Drone x4  
  56  4:40  Drone  
  56  4:41  Drone x2  
  56  4:42  Lair  
  59  4:46  Drone x2  
  59  4:47  Drone  
  59  4:48  Drone x2  
  64  4:53  Spore Crawler  
  64  4:55  Spore Crawler  
  57  5:01  Overlord  
  57  5:02  Roach x2  
  57  5:06  Roach  
  62  5:13  Overlord  
  62  5:15  Roach x3  
  68  5:32  Drone  
  68  5:33  Drone x3  
  68  5:34  Drone x2  
  74  5:35  Drone  
  74  5:36  Hatchery, Drone  
  74  5:41  Glial Reconstitution  
  75  5:43  Drone x2  
  75  5:45  Extractor  
  75  5:48  Drone  
  75  5:49  Drone x2  
  79  5:51  Drone  
  79  5:52  Extractor  
  79  5:53  Overseer  
  79  5:57  Overlord  
  79  5:58  Overlord  
  79  6:10  Drone x2  
  79  6:11  Drone x3, Overlord x2  
  78  6:33  Spore Crawler  
  75  6:40  Roach  
  75  6:41  Roach x10  
  75  6:42  Roach  
  99  6:59  Roach x6  
  99  7:01  Roach  
  113  7:02  Ravager  
  114  7:09  Pneumatized Carapace  
  114  7:10  Overseer  
  114  7:14  Overlord  
  114  7:15  Roach x4  
  122  7:17  Roach x2  
  122  7:22  Roach x3  
  132  7:28  Overlord  
  132  7:29  Roach  
  134  7:33  Ravager  
  134  7:34  Roach x4  
  143  7:46  Overlord x2  
  143  7:47  Roach x2  
  143  7:48  Roach x2  
  151  7:54  Ravager  
  151  7:55  Overlord x2  
  152  8:00  Overlord  
  152  8:04  Evolution Chamber, Ravager x5  
  152  8:05  Evolution Chamber, Ravager  
  156  8:11  Roach x2  
  148  8:22  Roach x7  
  148  8:23  Roach  
  160  8:28  Drone x3  
  161  8:35  Overseer x3  
  161  8:38  Drone x4  
  147  8:56  Roach x6  
  147  8:59  Drone x3  
  150  9:17  Roach  
  150  9:18  Roach x3  
  156  9:33  Roach x4  
  156  9:34  Roach x5  
  174  9:40  Hatchery  
  174  9:43  Roach  
  174  9:44  Overlord x2  
  175  9:54  Overlord  
  175  9:55  Zerg Missile Weapons Level 1, Zerg Ground Armor Level 1  
  175  9:56  Hatchery  
  175  9:58  Extractor  
  173  10:00  Overlord x2  
  173  10:03  Drone x7  
  180  10:08  Infestation Pit  
  180  10:11  Overlord  
  179  10:18  Spine Crawler  
  178  10:22  Spine Crawler  
  178  10:28  Roach x6  
  189  10:31  Ravager  
  189  10:32  Ravager x2  
  189  10:33  Drone x2  
  189  10:34  Drone  
  195  10:38  Overseer, Extractor  
  195  10:39  Overseer x2  
  195  10:42  Extractor  
  193  10:51  Hive  
  193  11:02  Ravager x3  
  181  11:21  Lair, Spine Crawler  
  181  11:22  Roach x6  
  181  11:23  Spore Crawler  
  130  11:40  Drone x5  
  130  11:41  Drone x3  
  129  11:48  Spine Crawler  
  129  11:52  Zerg Missile Weapons Level 2  
  129  11:53  Zerg Melee Weapons Level 1  
  127  12:09  Drone  
  127  12:10  Drone x8  
  127  12:11  Hatchery, Roach  
  127  12:12  Roach x6  
  149  12:19  Ravager  
  149  12:20  Ravager x5  
  149  12:22  Extractor  
  154  12:23  Extractor  
  153  12:33  Roach x5  
  162  12:37  Roach x2  
  162  12:39  Spine Crawler  
  162  12:41  Spore Crawler  
  140  13:00  Roach  
  121  13:07  Roach  
  121  13:08  Roach x13  
  138  13:17  Roach  
  138  13:18  Roach x4  
  140  13:35  Adrenal Glands  
  140  13:37  Ultralisk Cavern  
  140  13:40  Ravager x5  
  144  13:43  Roach  
  144  13:44  Drone, Roach x3  
  144  13:45  Drone x3  
  144  13:47  Drone  
  157  14:09  Zerg Melee Weapons Level 2  
  157  14:11  Zerg Ground Armor Level 2  
  157  14:17  Spore Crawler  
  157  14:18  Spine Crawler  
  155  14:24  Ultralisk  
  155  14:26  Chitinous Plating  
  155  14:27  Zergling x2  
  155  14:28  Zergling x8  
  134  14:50  Ultralisk x2  
  146  14:58  Spine Crawler  
  146  14:59  Drone x2  
  148  15:00  Drone x3  
  148  15:05  Ultralisk  
  156  15:22  Ultralisk x2  
  165  15:31  Drone x2, Spine Crawler  
  165  15:32  Drone  
  162  15:37  Spine Crawler  
  162  15:39  Zergling x2  
  162  15:40  Zergling x8  
  160  15:54  Ultralisk  
  160  15:56  Zergling x2  
  160  16:03  Ultralisk  
  165  16:12  Ultralisk Cavern  
  165  16:13  Hydralisk Den  
  165  16:17  Ultralisk  
  170  16:32  Ultralisk x2, Overlord  
  162  16:47  Hydralisk x2  
  162  16:48  Hydralisk x3  
  172  16:58  Ultralisk  
  178  17:07  Hatchery  
  177  17:12  Pathogen Glands  
  177  17:16  Ravager x6  
  177  17:21  Hydralisk x2  
  187  17:27  Zergling x2  
  187  17:28  Zergling x14  
  175  17:51  Ultralisk  
  175  17:52  Ultralisk  
  178  18:05  Ultralisk x3  
  181  18:18  Ultralisk  
  181  18:21  Drone  
  181  18:22  Drone x7  
  181  18:23  Drone  
  190  18:33  Drone  
  191  18:45  Drone  
  192  18:51  Spore Crawler, Spine Crawler  
  190  18:55  Overlord x2  
  190  19:09  Spore Crawler  
  183  19:10  Spine Crawler  
  183  19:14  Overseer x2  
  183  19:16  Zergling x2  
  183  19:17  Zergling x20  
  184  19:18  Hydralisk x2  
  183  19:26  Ultralisk, Zergling x2  
  183  19:27  Zergling x20  
  183  19:28  Zergling x2  
  187  19:32  Drone, Spore Crawler  
  187  19:33  Drone x2  
  180  19:40  Ultralisk  
  180  19:42  Drone x3  
  185  19:46  Extractor x2  
  182  19:54  Drone x7  
  182  19:55  Drone x2  
  190  20:04  Spire  
Show
View Real Time Build Order
Export as new Build Order

MorN Terran 

Build Orders: Liberator Opening, Reaper Expand, MMM Bio 

Get SALT Encoding   

  12  0:00  SCV  
  13  0:15  SCV  
  13  0:19  Supply Depot  
  14  0:27  SCV  
  15  0:41  SCV  
  15  0:42  Barracks  
  16  0:45  Refinery  
  16  0:53  SCV  
  17  1:06  SCV  
  18  1:18  SCV  
  19  1:31  Orbital Command  
  19  1:32  Reaper  
  20  1:45  Command Center  
  20  1:53  Supply Depot  
  20  1:58  SCV  
  21  2:04  Reaper  
  22  2:10  SCV  
  23  2:23  Factory  
  23  2:25  SCV  
  24  2:39  SCV  
  25  2:45  Command Center  
  25  2:48  Barracks Reactor  
  25  2:51  SCV  
  25  2:52  Refinery  
  25  2:57  Orbital Command  
  27  3:05  SCV  
  27  3:18  Starport  
  27  3:21  SCV  
  28  3:32  SCV, Hellion x2, Barracks Tech Lab  
  28  3:33  SCV  
  34  3:54  Liberator  
  36  4:03  Hellion x2, Stimpack  
  36  4:04  Orbital Command  
  38  4:12  SCV  
  42  4:18  Supply Depot  
  42  4:20  SCV  
  42  4:21  Marine  
  45  4:24  SCV  
  45  4:31  Hellion  
  45  4:32  Hellion  
  45  4:37  SCV  
  50  4:40  Engineering Bay  
  50  4:41  Engineering Bay  
  50  4:43  SCV x2  
  50  4:44  Refinery x2  
  50  4:45  Marine  
  53  4:50  SCV  
  54  4:53  Supply Depot  
  54  4:55  SCV  
  55  5:00  Barracks  
  55  5:03  Barracks  
  55  5:08  Factory Reactor  
  55  5:12  SCV x2  
  57  5:18  Terran Infantry Weapons Level 1, Terran Infantry Armor Level 1, Starport Reactor  
  57  5:19  SCV  
  58  5:24  SCV, Supply Depot  
  57  5:36  SCV  
  57  5:37  SCV  
  57  5:39  Barracks  
  57  5:40  Barracks  
  57  5:47  SCV  
  57  5:49  SCV  
  59  5:52  Supply Depot, SCV  
  59  5:54  Marauder  
  62  5:58  Marine x2  
  62  5:59  SCV  
  62  6:00  Medivac x2  
  62  6:02  SCV  
  62  6:03  Factory Reactor  
  70  6:09  Marine x2  
  72  6:12  SCV  
  72  6:14  Supply Depot, Bunker  
  72  6:15  Marine  
  72  6:16  Marine x2  
  72  6:17  Armory  
  76  6:19  SCV  
  77  6:26  SCV x2  
  77  6:27  Marine  
  77  6:28  Supply Depot  
  77  6:31  SCV  
  81  6:32  Barracks Reactor  
  81  6:33  Barracks Reactor, Medivac, Marine x2  
  85  6:40  Widow Mine x2  
  85  6:41  Supply Depot  
  85  6:42  Marine x2  
  85  6:45  Orbital Command  
  91  6:51  Marine x3  
  91  6:52  Combat Shields  
  91  6:53  SCV x2  
  96  7:04  Marine  
  96  7:05  Marine  
  98  7:09  SCV, Supply Depot  
  99  7:17  Marine  
  99  7:18  Marine x6  
  99  7:20  SCV  
  99  7:22  Marine x2, Widow Mine x2  
  107  7:23  Medivac  
  107  7:26  Supply Depot  
  107  7:27  Factory  
  115  7:30  SCV x2, Supply Depot  
  115  7:35  Terran Infantry Weapons Level 2  
  117  7:38  Terran Infantry Armor Level 2  
  117  7:46  Marine x8  
  117  7:48  SCV  
  126  7:52  Refinery  
  126  7:53  SCV  
  126  7:54  Marauder  
  126  7:56  Medivac  
  131  8:00  SCV  
  131  8:01  Terran Vehicle Weapons Level 1  
  132  8:10  Marine x2  
  127  8:14  Marine x2  
  127  8:16  Marauder  
  127  8:17  Liberator  
  127  8:18  Marine x2, Liberator  
  127  8:20  Marine x2  
  127  8:21  Factory Tech Lab, Widow Mine x2  
  129  8:27  Marine x2  
  129  8:32  Marine x2  
  123  8:36  Marine x2  
  123  8:37  Marauder  
  123  8:38  Marine  
  123  8:41  Marine  
  135  8:45  Marine  
  132  8:54  Marine x2  
  113  8:58  Marauder  
  113  9:02  Marine x2  
  102  9:07  Marine x3  
  94  9:10  Supply Depot x2  
  94  9:13  Marine x3  
  94  9:14  Widow Mine x2  
  94  9:15  Siege Tank  
  99  9:19  Orbital Command  
  99  9:20  Marauder, Marine  
  102  9:29  Marine  
  102  9:31  Marine x3  
  104  9:41  Marauder  
  104  9:44  Marine x2  
  108  9:51  Barracks  
  108  9:53  Barracks  
  108  9:55  SCV x3  
  108  9:56  Barracks  
  111  10:02  Marine x3  
  111  10:03  Marauder  
  111  10:05  Marine  
  117  10:12  Supply Depot  
  117  10:15  Supply Depot  
  117  10:33  Marine x2, Widow Mine  
  117  10:34  SCV, Siege Tank  
  125  10:37  SCV x2, Marauder, Marine x4  
  133  10:44  Barracks Tech Lab x2  
  133  10:45  Barracks Reactor  
  133  10:47  Supply Depot  
  133  10:48  Supply Depot  
  133  10:51  Supply Depot  
  133  10:55  SCV, Marine x2, Widow Mine  
  133  10:56  SCV x2  
  140  10:58  Marauder  
  142  11:07  Siege Tank  
  142  11:08  SCV x2  
  147  11:14  Marine  
  141  11:20  Marauder  
  136  11:29  Marauder, Marine x2  
  134  11:36  Marauder, Marine x2  
  134  11:39  Siege Tank, Marine x2  
  133  11:41  Marauder  
  135  11:51  Marauder  
  135  11:52  Command Center, Terran Infantry Weapons Level 3  
  135  11:53  Terran Infantry Armor Level 3, Marine  
  138  11:54  Marine x2  
  139  12:01  Marine x3  
  139  12:02  Widow Mine, Marauder  
  139  12:03  Marauder  
  148  12:11  Siege Tank  
  148  12:12  Marauder  
  148  12:13  Marine x2, Medivac x2  
  148  12:14  Marine  
  160  12:21  Supply Depot  
  160  12:24  Marauder x2  
  164  12:32  Marine x2  
  164  12:36  Marine x3  
  164  12:37  Marauder  
  171  12:38  Command Center  
  171  12:40  Marine x2  
  173  12:49  Marine x2  
  173  12:50  Marauder  
  160  13:03  Marauder, Marine x2  
  155  13:09  Marine  
  155  13:10  Medivac, Marauder  
  155  13:11  Medivac  
  138  13:19  Marine x2  
  127  13:20  Marauder  
  127  13:26  Marine  
  126  13:27  Marauder  
  126  13:28  Marine x2  
  126  13:31  SCV, Marauder  
  127  13:40  Medivac x2  
  127  13:41  Marauder, Marine x2  
  132  13:42  Marine x2  
  139  13:48  Marauder  
  139  13:53  Marauder  
  141  13:58  Liberator x2  
  141  14:03  Planetary Fortress  
  141  14:05  SCV  
  133  14:41  Marine x2  
  133  14:42  Marauder, Marine  
  133  14:45  Marine x2  
  128  14:46  Marauder  
  128  14:49  Marine x3  
  128  14:50  Marauder, Marine x2  
  133  14:59  Marine x2  
  135  15:02  Marine  
  135  15:03  Marine x2  
  135  15:04  Marauder  
  142  15:07  Marauder, Marine x2  
  142  15:12  Marauder  
  146  15:15  Sensor Tower  
  146  15:16  Marine x3  
  149  15:22  Marine x2  
  147  15:32  Marine x3  
  145  15:37  Marine  
  145  15:38  Marauder  
  145  15:39  Marine x2  
  128  16:02  Siege Tank, Widow Mine x2  
  128  16:03  Marauder, Marine  
  128  16:04  Marauder  
  133  16:12  Marine  
  133  16:13  Marauder, Marine  
  133  16:18  Marine  
  138  16:25  Marine x2, Marauder  
  142  16:38  Marine  
  142  16:39  Siege Tank, Marauder  
  144  16:40  Liberator x2  
  140  16:51  Orbital Command  
  140  16:57  Marine  
  144  17:03  Marine x2  
  144  17:04  Marauder  
  144  17:05  Marine x2  
  150  17:13  Siege Tank, Widow Mine x2  
  157  17:20  Marine x2  
  157  17:21  Marauder  
  161  17:29  Marine x3  
  166  17:30  Marauder x2  
  154  17:38  Marine x2  
  154  17:42  Marauder  
  143  17:51  Marauder  
  143  17:57  Liberator, Marauder, Marine x2  
  143  17:58  Liberator  
  111  18:16  Marine x2  
  111  18:17  Marauder x2  
  111  18:18  Marine  
  111  18:19  Marauder  
  122  18:28  Marine x2  
  124  18:36  Orbital Command  
  124  18:38  Marauder  
  124  18:39  Marauder  
  124  18:40  Marauder  
  130  18:43  Marine x2  
  130  18:45  Marine  
  133  18:51  Marine x2  
  133  18:52  Marine  
  136  18:57  Medivac  
  136  18:58  Medivac  
  136  19:00  Marauder x2  
  144  19:03  Marine x2  
  144  19:04  Marauder, Marine  
  147  19:20  Orbital Command  
  124  19:37  Marine x3  
  124  19:38  Marauder x3, Marine x3  
  100  19:54  Marine x2  
  100  19:58  Marine x2  
  100  19:59  Marine, Marauder x2  
  110  20:00  Marauder  
Tags
 
Add a new tag
Caveats
  • Supply blocks, unpowered buildings, or Contaminate may cause inaccurate times.
  • Supply counts are checked every 10 seconds.